 Dungeon Crawl Stone Soup version 0.29-a0-378-gc08b2e8bf8 (webtiles) character file.

Game seed: 2320292135720663191

5899 Antichthon the Basher (level 10, -5/63 HPs)
             Began as a Gargoyle Fighter on May 5, 2022.
             Slain by Grum
             ... wielding a -2 spear
              (11 damage)
             ... on level 8 of the Dungeon.
             The game lasted 00:21:39 (9618 turns).

Antichthon the Basher (Gargoyle Fighter)            Turns: 9618, Time: 00:21:40

Health: -5/63      AC: 22    Str: 27    XL:     10   Next: 82%
Magic:  0/13       EV:  8    Int: 14    God:
Gold:   610        SH:  5    Dex:  9    Spells: 9/9 levels left

rFire   . . .      SeeInvis .   a - +0 morningstar
rCold   . . .      Faith    .   c - +0 buckler
rNeg    + + .      Spirit   +   u - +0 plate armour
rPois   ∞          Reflect  .   h - +0 helmet
rElec   +          Harm     .   j - +0 cloak
rCorr   .          Rampage  .   k - +1 pair of gloves of the Ecumenical Temple {rN+ Stlth+}
Will    .....                   g - +0 pair of boots
Stlth   ..........              i - amulet of guardian spirit
HPRegen 0.20/turn               l - +6 ring of strength
MPRegen 0.13/turn               (no ring)

@: mighty
A: sickness immunity, AC +7, negative energy resistance 1, electricity
resistance, torment resistance 1, petrification resistance, fangs 1, clever 1,
deformed body
a: no special abilities


You were on level 8 of the Dungeon.
You visited 1 branch of the dungeon, and saw 8 of its levels.
You also visited: Ossuary.

You collected 610 gold pieces.

Inventory:

Hand Weapons
 a - a +0 morningstar (weapon)
Missiles
 s - 2 throwing nets (quivered)
Armour
 c - a +0 buckler (worn)
 g - a +0 pair of boots (worn)
 h - a +0 helmet (worn)
 j - a +0 cloak (worn)
 k - the +1 pair of gloves of the Ecumenical Temple (worn) {rN+ Stlth+}
   (You found it on level 3 of the Dungeon)

   rN:        It protects you from negative energy.
   Stlth:     It makes you more stealthy.
 u - a +0 plate armour (worn)
Jewellery
 i - an amulet of guardian spirit (around neck)
 l - a +6 ring of strength (left hand)
Wands
 o - a wand of flame (10)
 p - a wand of acid (4)
 t - a wand of paralysis (8)
Scrolls
 b - 4 scrolls of teleportation
 e - 4 scrolls of identify
 n - 3 scrolls of amnesia
 r - 2 scrolls of poison
 w - a scroll of blinking
 y - a scroll of enchant armour {unknown}
 z - a scroll of vulnerability {unknown}
 D - 3 scrolls of silence {unknown}
Potions
 d - 5 potions of might
 f - a potion of cancellation
 m - 2 potions of lignification
 q - a potion of brilliance
 v - a potion of magic
 x - a potion of invisibility {unknown}
 A - a potion of degeneration {unknown}
 B - a potion of flight {unknown}
 E - a potion of ambrosia {unknown}


   Skills:
 * Level 7.0 Fighting
 * Level 10.3 Maces & Flails
 * Level 8.0 Armour
 * Level 3.9 Dodging
 * Level 6.5 Shields
 * Level 5.3 Invocations


You had 9 spell levels left.
You didn't know any spells.
Your spell library contained the following spells:

 Spells                   Type           Power      Damage    Failure   Level
 Sandblast                Erth           0%         2d4       98%         1
 Ensorcelled Hibernation  Hex/Ice        0%         N/A       99%         2
 Passwall                 Tmut/Erth      0%         N/A       99%         2
 Spider Form              Tmut/Pois      0%         N/A       100%        3
 Stone Arrow              Conj/Erth      0%         3d7       100%        3
 Anguish                  Hex/Necr       0%         N/A       100%        4
 Iskenderun's Battlesphe  Conj           0%         2d6       100%        5
 Iron Shot                Conj/Erth      0%         9d1       100%        6
 Spellforged Servitor     Conj/Summ      0%         N/A       100%        7


Dungeon Overview and Level Annotations

Branches:
Dungeon (8/15)             Temple (0/1) D:7         Ossuary (visited)
   Lair: D:8-11

Altars:
Elyvilon
Fedhas
Hepliaklqana
Kikubaaqudgha
Makhleb
Nemelex Xobeh
Trog
Uskayaw
Vehumet
Yredelemnul

Annotations:
D:7 2 transporters, purpskrrrp's ghost, novice FoAK
D:8 Grum


Innate Abilities, Weirdness & Mutations

You are immune to sickness and miasma.
Your stone body is resilient. (AC +7)
You are immune to poison.
You resist negative energy. (rN+)
You are resistant to electric shocks. (rElec)
You are resistant to unholy torment.
You are immune to petrification.
You have very sharp teeth.
Your mind is acute. (Int +2)
Armour fits poorly on your strangely shaped body.


Message History

You closely miss the wolf.
Grum growls angrily.
You hear a howl!
You block the wolf's attack. The wolf bites you but does no damage.
You barely miss the wolf. You block the wolf's attack.
The wolf barely misses you.
You impale the wolf!! You bite the wolf, but do no damage.
The wolf is severely wounded.
You block the wolf's attack.
Grum glances around and shouts, "Duke!
Here boy!"
The wolf closely misses you.
You barely miss the wolf. Your bite misses the wolf.
The wolf is severely wounded.
Grum drinks a potion.
Grum goes berserk!
The wolf bites you but does no damage.
You hit the wolf.
You kill the wolf!
Grum hits you from afar with a -2 spear.
You hear a howl!
Okay, then.
Okay, then.
You feel very mighty all of a sudden.
You hear a shout!
Grum hits you from afar with a -2 spear!
* * * LOW HITPOINT WARNING * * *
A wolf comes into view.
Grum hits you but does no damage. Grum hits you with a -2 spear!
* * * LOW HITPOINT WARNING * * *
Items here: ))) [ †††.
Unknown command.
You puncture Grum! You bite Grum.
Grum is lightly wounded.
The wolf bites you but does no damage. Grum barely misses you.
Unknown command.
The wolf attacks as you move away! The wolf bites you but does no damage.
Grum attacks as you move away! Grum hits you but does no damage.
You block Grum's attack. The wolf barely misses you.
Grum completely misses you.
You impale the wolf!!
You kill the wolf!
Grum hits you from afar with a -2 spear!
You die...

#....# #....≈# ∩.#
#....# #....≈# ..# .##
#....# ##....≈##.##≈...
###....#
#.....≈≈≈≈≈≈≈.#.
.......#
#......)........
###....#
#....#..#.....#.
.......#
#...g#..#.#.#.#
.......### ####)#.##.#
# ##.......# #@#.. ..
###.####.#######)###...
....#
#.........###.#.##
_...#
##########........
....# .Y..Y.#....#..###
########
#!YY.#.........#
##.....###....zY......#
. #...⌠...##
..#Y#.#.###
.._...8).#....#z#....


You could see Grum (berserk).

Vanquished Creatures
  Amaemon (D:8)
  Pikel (D:8)
  Maggie (D:8)
  An orange demon (D:8)
  A hornet (D:8)
  2 wyverns (D:7)
  2 steam dragons (D:7)
  Duvessa (D:7)
  2 water moccasins
  An ice beast (D:5)
  An ogre (D:4)
  2 sky beasts (D:7)
  2 wolves (D:8)
  A black bear (D:7)
  A phantom (D:5)
  2 kobold brigands
  2 scorpions
  3 bullfrogs
  21 wights
  Dowan (D:7)
  4 killer bees (D:8)
  3 hounds
  3 orc priests
  4 gnoll shamans
  3 jellies
  An iguana (D:6)
  An orc wizard (D:6)
  8 mummies (Ossuary)
  19 gnolls
  4 adders
  An ufetubus (D:5)
  5 dart slugs
  17 orcs
  3 ball pythons
  5 bats
  7 endoplasms
  2 giant cockroaches
  11 goblins
  6 hobgoblins
  11 jackals
  19 kobolds
  2 quokkas
  4 frilled lizards
  A gnoll zombie (Ossuary)
  2 hobgoblin zombies (Ossuary)
  2 kobold zombies (Ossuary)
  3 orc zombies (Ossuary)
200 creatures vanquished.

Vanquished Creatures (others)
  A sky beast (D:7)
  An orc wizard (D:6)
  A goblin (D:8)
  8 plants (D:5)
11 creatures vanquished.

Grand Total: 211 creatures vanquished

Notes
Turn   | Place    | Note
-------+----------+-------------------------------------------
     0 | D:1      | Antichthon the Gargoyle Fighter began the quest for the
                  | Orb.
     0 | D:1      | Reached XP level 1. HP: 14/14 MP: 1/1
   609 | D:1      | Found a faded altar of an unknown god.
   621 | D:1      | Reached XP level 2. HP: 11/19 MP: 2/2
  1350 | D:2      | Reached XP level 3. HP: 23/23 MP: 3/3
  2314 | D:3      | Identified the +1 pair of gloves of the Ecumenical Temple
                  | {rN+ Stlth+}
  2401 | D:3      | Gained mutation: Your flesh is cold resistant. (rC+)
                  | [potion of mutation]
  2401 | D:3      | Gained mutation: Your spells are a little easier to cast,
                  | but a little less powerful. [potion of mutation]
  2401 | D:3      | Gained mutation: You have a pair of small horns on your
                  | head. [potion of mutation]
  2519 | D:3      | Reached skill level 1 in Invocations
  2519 | D:3      | Reached XP level 4. HP: 22/29 MP: 4/4
  2661 | D:3      | Reached skill level 3 in Maces & Flails
  2863 | D:4      | Noticed an ogre
  2874 | D:4      | Killed an ogre
  2875 | D:4      | Reached XP level 5. HP: 33/33 MP: 1/6
  3109 | D:4      | Found Cianoik's Distillery.
  3260 | D:4      | Reached skill level 1 in Dodging
  3571 | D:4      | Reached skill level 4 in Maces & Flails
  3614 | D:5      | Entered Level 5 of the Dungeon
  3687 | D:5      | Reached XP level 6. HP: 30/38 MP: 7/7
  4444 | D:5      | Reached XP level 7. HP: 34/43 MP: 6/8
  4463 | D:5      | Reached skill level 5 in Maces & Flails
  5729 | D:5      | Reached skill level 5 in Armour
  5997 | D:6      | Reached XP level 8. HP: 48/48 MP: 8/10
  6102 | D:6      | Reached skill level 6 in Maces & Flails
  6174 | D:6      | Reached skill level 5 in Fighting
  6700 | D:6      | Found a hide-covered altar of Uskayaw.
  6879 | D:6      | Reached skill level 5 in Shields
  7371 | D:7      | Reached skill level 7 in Maces & Flails
  7372 | D:7      | Reached XP level 9. HP: 23/54 MP: 5/11
  7587 | D:7      | Noticed Dowan
  7589 | D:7      | Noticed Duvessa
  7599 | D:7      | Identified the +5 long sword "Nuuku" {venom, Drain rElec
                  | rF+++ Str+3}
  7723 | D:7      | Killed Duvessa
  7728 | D:7      | Found a staircase to the Ecumenical Temple.
  7765 | D:7      | Killed Dowan
  7830 | D:7      | Noticed purpskrrrp's ghost (novice FoAK)
  7831 | D:7      | Noticed a two-headed ogre
  7834 | D:7      | Found a transporter.
  7840 | D:7      | Found a bloodstained altar of Trog.
  7852 | D:7      | Found a transporter.
  7860 | D:7      | Reached skill level 8 in Maces & Flails
  7951 | D:7      | Lost mutation: Your flesh is cold resistant. (rC+) [potion
                  | of mutation]
  7951 | D:7      | Lost mutation: Your spells are a little easier to cast, but
                  | a little less powerful. [potion of mutation]
  7951 | D:7      | Lost mutation: You have a pair of small horns on your head.
                  | [potion of mutation]
  7951 | D:7      | Gained mutation: Your flesh is cold resistant. (rC+)
                  | [potion of mutation]
  7951 | D:7      | Gained mutation: You are partially covered in iridescent
                  | scales. (AC +2) [potion of mutation]
  7981 | D:7      | Noticed a moth of wrath
  8118 | D:7      | Found a blossoming altar of Fedhas.
  8473 | D:7      | Reached skill level 9 in Maces & Flails
  8595 | D:7      | Reached XP level 10. HP: 60/60 MP: 13/13
  8685 | D:8      | Noticed an orange demon
  8687 | D:8      | Noticed Amaemon
  8696 | D:8      | Killed an orange demon
  8713 | D:8      | Killed Amaemon
  8719 | D:8      | Found a hazy altar of Hepliaklqana.
  8719 | D:8      | Found a basalt altar of Yredelemnul.
  8719 | D:8      | Found a sparkling altar of Nemelex Xobeh.
  9043 | D:8      | Reached skill level 5 in Invocations
  9067 | D:8      | Noticed Pikel
  9070 | D:8      | Found a sand-covered staircase.
  9088 | D:8      | Killed Pikel
  9089 | D:8      | Reached skill level 10 in Maces & Flails
  9146 | Ossuary  | Entered an ossuary
  9246 | Ossuary  | Lost mutation: Your flesh is cold resistant. (rC+) [potion
                  | of mutation]
  9246 | Ossuary  | Lost mutation: You are partially covered in iridescent
                  | scales. (AC +2) [potion of mutation]
  9246 | Ossuary  | Gained mutation: Armour fits poorly on your strangely
                  | shaped body. [potion of mutation]
  9246 | Ossuary  | Gained mutation: You have very sharp teeth. [potion of
                  | mutation]
  9246 | Ossuary  | Gained mutation: Your mind is acute. (Int +2) [potion of
                  | mutation]
  9469 | D:8      | Noticed Maggie
  9470 | D:8      | Found a radiant altar of Vehumet.
  9477 | D:8      | Killed Maggie
  9483 | D:8      | Found an ancient bone altar of Kikubaaqudgha.
  9486 | D:8      | Found a burning altar of Makhleb.
  9487 | D:8      | Found a white marble altar of Elyvilon.
  9608 | D:8      | Noticed Grum
  9618 | D:8      | Slain by Grum

Illustrated notes

Levels and vault maps discovered:
D:1:      minmay_arrival_four_circles, layout_basic,
          ebering_ecumenical_altar_rust, minivault_4
D:2:      layout_basic
D:3:      layout_rooms
D:4:      layout_gridville, serial_shops,
          nicolae_shop_temple_entry_statues_fountains
D:5:      layout_basic, minmay_liquid_box, chequers_serial_rivers_large_b,
          nicolae_grassy_gnolls
D:6:      layout_loops_cross, nicolae_uskayaw_dance_studio
D:7:      layout_gridville, fedhas_altar_fruit_tree,
          minmay_temple_entry_water_ring, gammafunk_ghost_wrathful_warriors,
          roderic_lattice_a, grunt_ministairs_11, minmay_statues_item,
          hangedman_misty_isle, uniq_duvessa
D:8:      layout_basic, nicolae_overflow_hallway_of_the_gods, lair_entry_dummy,
          enter_bailey_3, nicolae_ossuary_entry_false_entrances, uniq_amaemon,
          uniq_pikel, uniq_grum, uniq_maggie

Skill      XL: |  1  2  3  4  5  6  7  8  9 10 |
---------------+-------------------------------+-----
Invocations    | 1 2 3 4 5 |  5.3
Maces & Flails | 3 4 5 7 9 10 | 10.3
Dodging        | 1 2 3 |  3.9
Shields        | 4 5 6 |  6.5
Armour         | 4 5 6 7 8 |  8.0
Fighting       | 4 5 6 7 |  7.0

Action                   |  1- 3 |  4- 6 |  7- 9 | 10-12 || total
-------------------------+-------+-------+-------+-------++-------
Melee: Flail             |   120 |   157 |   227 |       ||   504
       Headbutt          |       |    20 |    49 |       ||    69
       Morningstar       |       |       |   186 |   199 ||   385
       Bite              |       |       |       |     9 ||     9
  Use: Scroll            |     7 |     4 |     2 |     3 ||    16
       Potion            |     1 |     1 |     1 |    10 ||    13
Armor: Scale mail        |    18 |       |       |       ||    18
       Chain mail        |    76 |   135 |   120 |       ||   331
       Plate armour      |       |       |   234 |   259 ||   493
Dodge: Dodged            |    59 |    85 |   192 |   168 ||   504
Block: Buckler           |    34 |    48 |   116 |    70 ||   268

Table legend: (Time is in decaauts)
 A = Elapsed time spent in this place.
 B = Non-inter-level travel time spent in this place.
 C = Inter-level travel time spent in this place.
 D = Time resting spent in this place.
 E = Time spent auto-exploring this place.
 F = Levels seen in this place.
 G = Mean time per level.
                   A        B        C        D        E       F      G
               +--------+--------+--------+--------+--------+-----+--------+
         Total |   9819 |   9641 |    178 |   1113 |   5747 |   9 | 1091.0 |
       Dungeon |   9591 |   9413 |    178 |   1113 |   5747 |   8 | 1198.9 |
       Ossuary |    228 |    228 |      0 |      0 |      0 |   1 |  228.0 |
               +--------+--------+--------+--------+--------+-----+--------+

Top non-repeatable levels by time:
     D:5: 2293 daAuts
     D:7: 1654 daAuts
     D:6: 1479 daAuts
     D:1: 1364 daAuts
     D:2: 948 daAuts
     D:4: 854 daAuts
     D:3: 505 daAuts
     D:8: 491 daAuts
 Ossuary: 228 daAuts
